 Dungeon Crawl Stone Soup version 0.31-a0-925-g0a390f2509 (webtiles) character file.

Game seed: 2536795499282082077

1027 Xavori the Sneak (level 8, 0/52 (55) HPs)
             Began as an Octopode Chaos Knight on Oct 18, 2023.
             Was a Plaything of Xom.
             Slain by a wight
             ... wielding a +4 mace
              (12 damage)
             ... on level 6 of the Dungeon.
             The game lasted 00:07:22 (9135 turns).

Xavori the Sneak (Octopode Chaos Knight)            Turns: 9135, Time: 00:07:23

HP:   0/52 (55)     AC:  8    Str: 11    XL:     8   Next: 23%
MP:   7/7           EV: 15    Int: 14    God:    Xom [*.....]
Gold: 178           SH:  4    Dex: 14    Spells: 7/7 levels left

rFire   . . .        f - +0 dagger (protect)
rCold   . . .        (no shield)
rNeg    . . .        (helmet restricted)
rPois   +            (no amulet)
rElec   .            (no ring)
rCorr   .            (no ring)
SInv    .            (no ring)
Will    .....        (no ring)
Stlth   +++++        (no ring)
HPRegen 0.28/turn    (no ring)
MPRegen 0.10/turn    (no ring)
                     (no ring)

%: random rage (3%)
@: under a protective aura, drained
A: almost no armour, amphibious, 8 rings, camouflage 1, gelatinous body 1,
(nimble swimmer 1), tentacles, large bone plates 1, berserk 1, low MP 1, sense
surroundings 2, poison resistance, evolution 1, inability to drink after injury
1
a: Renounce Religion


You were on level 6 of the Dungeon.
You worshipped Xom.
You were a special plaything of Xom.
You visited 1 branch of the dungeon, and saw 6 of its levels.

You collected 253 gold pieces.
You spent 75 gold pieces at shops.

Inventory:

Hand Weapons
 a - a +0 short sword of chaos
 f - a +0 dagger of protection (weapon)
Jewellery
 d - a ring of fire
 i - a ring of ice
Wands
 j - a wand of acid (1)
 k - a wand of mindburst (6)
 q - a wand of paralysis (4)
Scrolls
 b - a scroll of butterflies
 e - 4 scrolls of identify
 l - a scroll of vulnerability
 n - a scroll of amnesia
 p - 3 scrolls of teleportation
 r - 2 scrolls of blinking
Potions
 g - 3 potions of brilliance
 h - a potion of haste {unknown}
 m - a potion of enlightenment {unknown}
 o - a potion of ambrosia {unknown}
 s - a potion of curing {unknown}
 t - a potion of lignification {unknown}
 u - a potion of might {unknown}
 v - a potion of berserk rage {unknown}
 w - a potion of cancellation {unknown}


   Skills:
 + Level 5.2 Fighting
 + Level 5.1 Short Blades
 + Level 4.8 Dodging
 * Level 7.9 Stealth


You had 7 spell levels left.
You didn't know any spells.
Your spell library contained the following spells:

 Spells                   Type           Power      Damage    Failure   Level
 Freeze                   Ice            0%         1d3       28%         1
 Frozen Ramparts          Ice            0%         1d1       65%         3
 Hailstorm                Conj/Ice       0%         3d3       65%         3
 Tukima's Dance           Hex            0%         N/A       65%         3
 Passage of Golubria      Tloc           0%         N/A       96%         4
 Yara's Violent Unravell  Hex/Tmut       0%         3d3       100%        5


Dungeon Overview and Level Annotations

Branches:
Dungeon (6/15)             Temple (0/1) D:6

Altars:
Qazlal
Uskayaw
Xom
Zin

Shops:
D:3 *


Innate Abilities, Weirdness & Mutations

You cannot wear most types of armour.
You are amphibious.
You can wear up to eight rings at the same time.
Your skin changes colour to match your surroundings (Stealth+).
Your rubbery body absorbs attacks. (AC +1, EV +1)
((You are camouflaged when in or above water. (Stealth+)))
You have tentacles for arms and can constrict up to eight enemies at once.
You are partially covered in large bone plates. (SH +4)
You sometimes lose your temper in combat.
Your magical capacity is low. (-10% MP)
You passively map the area around you.
Your system is resistant to poisons. (rPois)
You have hidden genetic potential.
You occasionally lose the ability to drink potions when taking damage.


Message History

You squeeze the wight, but do no damage.
You constrict the wight, but do no damage.
You hit the wight but do no damage.
You tentacle-slap the wight, but do no damage.
You squeeze the wight!
The wight is severely damaged.
You constrict the wight. The wight completely misses you.
You hit the wight but do no damage.
The wight is severely damaged.
You constrict the wight. The wight hits you with a +4 mace!
You feel drained.
You are too injured to fight recklessly!
You are too injured to fight recklessly!
You hit the wight but do no damage.
The wight is almost destroyed.
You constrict the wight, but do no damage.
The wight hits you with a +4 mace.
* * * LOW HITPOINT WARNING * * *
You feel drained.
* * * LOW HITPOINT WARNING * * *
You hit the wight but do no damage.
The wight is almost destroyed.
You constrict the wight. You hit the wight but do no damage.
The wight is almost destroyed.
You constrict the wight. The wight barely misses you.
You hit the wight.
You destroy the wight!
Aiming: Paralyse
Press: ? - help, Shift-Dir - straight line, f - wight
Aim: a wight, wielding a +4 mace and wearing a +0 robe (chance to affect: 49%)
Okay, then.
Aiming: Mindburst
Press: ? - help, Shift-Dir - straight line, f - wight
Aim: a wight, wielding a +4 mace and wearing a +0 robe (chance to affect: 64%)
The wight's mind is blasted!
You hit the wight but do no damage. You grab the wight.
The wight is almost destroyed.
You constrict the wight. The wight hits you with a +4 mace!
You die... "This toy is broken."

**+**+**+,,#.* #.#.#,*,* *,*,***
,,,,,*,,***#.###.#.#,*,* *,*,*
+***+*,,* #.......#,,,* *,*,***
,,,,,*,,***#..)....#####***,*,*,,
,,_,,+,,+,*#.5..........,,,,*,*,,
,,,,,*,,#...z###.#######*****,*,,
+***+*,,#....###.#......,,,,,,*,,
,,,,,*,,#....###z#.####.,,,,,,*,,
**+**+**+....###@#.####.,,,,,,*,,
,,*,,,,,#...####.#.####.,,,,,,***
,,*,,,,,########.#.####.,,,,,,*
**+**+**########)#.#####,****,*
,,,,,,* ####....<#.#####,* *,***
******* ####.###########,* *,,,,
####.###PPP#####,* *,,,,
####?##P...P####,* *,,,,
####(.+..>.P####,* *,,,,


You could see a wight.

Vanquished Creatures
  A blink frog (D:5)
  A water moccasin (D:4)
  A sky beast (D:4)
  2 phantoms
  A scorpion (D:5)
  3 wights (D:6)
  A hound (D:5)
  2 iguanas
  2 orc wizards (D:5)
  7 adders
  A shadow imp (D:5)
  A white imp (D:4)
  2 worms
  A dart slug (D:5)
  7 orcs
  3 bats
  9 endoplasms
  4 giant cockroaches
  4 goblins
  13 hobgoblins
  6 jackals
  9 kobolds
  4 quokkas
  4 ball pythons
  4 frilled lizards
  8 rats
101 creatures vanquished.

Notes
Turn   | Place    | Note
-------+----------+-------------------------------------------
     0 | D:1      | Xavori the Octopode Chaos Knight began the quest for the
                  | Orb.
     0 | D:1      | Reached XP level 1. HP: 16/16 MP: 1/1
   240 | D:1      | XOM: silly message
   258 | D:1      | XOM: silly message
   266 | D:1      | Reached XP level 2. HP: 21/21 MP: 2/2
   626 | D:1      | Reached XP level 3. HP: 16/26 MP: 3/3
   753 | D:1      | XOM: silly message
   942 | D:1      | XOM: cloud trail
  1013 | D:1      | XOM: god gift: great sword {god gift}
  1795 | D:1      | XOM: silly message
  2058 | D:1      | XOM: summons 2 hostile demons
  2256 | D:2      | XOM: god gift: worn gold wand {god gift}
  2298 | D:2      | XOM: noise
  2463 | D:1      | XOM: god gift: 2 javelins
  2802 | D:1      | XOM: god gift: scroll labelled UCO CUEBOOHO {god gift}
  3563 | D:1      | XOM: give mutations
  3563 | D:1      | Gained mutation: You passively map a small area around you.
                  | [Xom's grace]
  3563 | D:1      | Gained mutation: Your system is resistant to poisons.
                  | (rPois) [Xom's grace]
  3658 | D:1      | XOM is BORED!
  3658 | D:1      | XOM: noise
  3850 | D:1      | XOM: give mutations
  3850 | D:1      | Gained mutation: You passively map the area around you.
                  | [Xom's mischief]
  3850 | D:1      | Gained mutation: Your magical capacity is low. (-10% MP)
                  | [Xom's mischief]
  3852 | D:1      | XOM: noise
  3923 | D:1      | XOM: summons 2 hostile shadow creatures
  3961 | D:1      | XOM: stat loss: -1 Dex (12/13)
  4190 | D:1      | XOM: silly message
  4854 | D:1      | XOM: summons 3 hostile shadow creatures
  4860 | D:2      | XOM: god gift: curved runed staff {god gift}
  4887 | D:2      | Reached skill level 1 in Stealth
  5078 | D:2      | XOM: god gift: jewelled fluorescent wand {god gift}
  5191 | D:1      | XOM is BORED!
  5191 | D:1      | XOM: summons 2 hostile demons
  5192 | D:1      | Noticed a chaos spawn
  5321 | D:2      | XOM: 6-stop teleportation journey
  5327 | D:2      | XOM: cloud trail
  5431 | D:2      | Reached XP level 4. HP: 31/31 MP: 3/3
  5473 | D:2      | Reached skill level 2 in Stealth
  6431 | D:3      | Found a faded altar of an unknown god.
  6649 | D:3      | Found Nevuh's Assorted Antiques.
  6656 | D:3      | XOM: god gift: glass wand {god gift}
  6658 | D:3      | Bought a scroll labelled ABUIMP JUUMU for 26 gold pieces
  6658 | D:3      | Bought a scroll labelled JIPULA EK LAI for 26 gold pieces
  6658 | D:3      | Bought a sedimented puce potion for 23 gold pieces
  6744 | D:3      | Reached skill level 3 in Stealth
  6744 | D:3      | Reached XP level 5. HP: 37/37 MP: 4/4
  6913 | D:4      | Noticed a phantom
  6917 | D:4      | XOM: destruction
  6926 | D:4      | XOM: divination: detect creatures
  6952 | D:4      | Killed a phantom
  7175 | D:4      | Reached skill level 4 in Stealth
  7192 | D:4      | XOM is BORED!
  7192 | D:4      | XOM: noise
  7274 | D:4      | Found a hide-covered altar of Uskayaw.
  7274 | D:4      | Found a stormy altar of Qazlal.
  7435 | D:4      | Noticed a sky beast
  7470 | D:4      | Killed a sky beast
  7471 | D:4      | Reached XP level 6. HP: 33/43 MP: 5/5
  7565 | D:4      | Found a shimmering altar of Xom.
  7826 | D:4      | XOM: divination: magic mapping
  7858 | D:4      | Noticed a water moccasin
  7862 | D:4      | XOM is BORED!
  7862 | D:4      | XOM: enchant monster (bad)
  7868 | D:4      | Killed a water moccasin
  7869 | D:4      | Reached skill level 5 in Stealth
  7876 | D:4      | XOM: scenery: summon butterflies
  7903 | D:4      | XOM: summons 4 hostile demons
  7963 | D:4      | XOM: give mutations
  7963 | D:4      | Gained mutation: You sometimes lose your temper in combat.
                  | [Xom's mischief]
  7963 | D:4      | Gained mutation: You have hidden genetic potential. [Xom's
                  | mischief]
  8041 | D:5      | Entered Level 5 of the Dungeon
  8053 | D:5      | Reached XP level 7. HP: 49/49 MP: 6/6
  8097 | D:5      | a water moccasin changed into a blink frog
  8097 | D:5      | Noticed a blink frog
  8097 | D:5      | XOM: polymorph water moccasin -> blink frog
  8101 | D:5      | XOM: 5-stop teleportation journey
  8110 | D:5      | XOM: give mutation
  8110 | D:5      | Gained mutation: You occasionally lose the ability to drink
                  | potions when taking damage. [Xom's mischief]
  8111 | D:5      | XOM: enchant monster (good)
  8112 | D:5      | XOM: swap monsters
  8124 | D:5      | Reached skill level 6 in Stealth
  8242 | D:5      | XOM: stat loss: -1 Int (13/14)
  8292 | D:5      | XOM: 1-stop teleportation journey
  8544 | D:5      | Gained mutation: You are partially covered in large bone
                  | plates. (SH +4) [hidden potential]
  8841 | D:5      | XOM: chaos cloud
  8875 | D:5      | Killed a blink frog
  8876 | D:5      | Reached skill level 5 in Fighting
  8876 | D:5      | Reached skill level 7 in Stealth
  8962 | D:5      | Reached skill level 5 in Short Blades
  8962 | D:5      | Reached XP level 8. HP: 49/55 MP: 7/7
  9003 | D:5      | Found a glowing silver altar of Zin.
  9103 | D:6      | Found a staircase to the Ecumenical Temple.
  9135 | D:6      | Slain by a wight

Illustrated notes

Levels and vault maps discovered:
D:1:      orjb1_clovarrival, layout_basic, minmay_misc_feat_alley
D:2:      layout_loops_ring, kennysheep_generic_room_5
D:3:      wander_river, layout_basic, shapermc_ecumenical_altar_pompeii,
          serial_shops, nicolae_shop_statue_plus, reono_crystal_passage
D:4:      layout_basic, kennysheep_little_box, mainiacjoe_overflow_divided_tiny
D:5:      minmay_general_purpose_star, layout_loops_corners, zin_statuary
D:6:      layout_basic, nicolae_hepliaklqana_monster_ancestors,
          mainiacjoe_overflow_24_doors, minmay_temple_entry_enclosed_plants,
          enter_ossuary_1, portal_sewer_entry_f

Skill      XL: |  1  2  3  4  5  6  7 |
---------------+----------------------+-----
Stealth        | 1 3 4 5 7 |  7.9
Dodging        | 3 4 |  4.8
Fighting       | 4 5 |  5.2
Short Blades   | 4 5 |  5.1

Action                     |  1- 3 |  4- 6 |  7- 9 || total
---------------------------+-------+-------+-------++-------
  Melee: Short sword       |    44 |       |       ||    44
         Tentacles         |    22 |    38 |    22 ||    82
         Constrict         |    19 |    26 |    15 ||    60
         Punch             |     1 |     6 |     2 ||     9
         Dagger            |    42 |   180 |    66 ||   288
  Evoke: Wand              |       |       |     1 ||     1
    Use: Scroll            |     1 |     6 |     2 ||     9
   Stab: Sleeping          |     5 |    17 |     4 ||    26
         Petrified         |       |       |     1 ||     1
 Armour: Skin              |    39 |    89 |    30 ||   158
  Dodge: Dodged            |    56 |    96 |    23 ||   175
  Block: Other             |       |       |     5 ||     5

Table legend: (Time is in decaauts)
 A = Elapsed time spent in this place.
 B = Non-inter-level travel time spent in this place.
 C = Inter-level travel time spent in this place.
 D = Time resting spent in this place.
 E = Time spent auto-exploring this place.
 F = Levels seen in this place.
 G = Mean time per level.
                   A        B        C        D        E       F      G
               +--------+--------+--------+--------+--------+-----+--------+
         Total |   9079 |   8928 |    151 |   4631 |   3529 |   6 | 1513.2 |
       Dungeon |   9079 |   8928 |    151 |   4631 |   3529 |   6 | 1513.2 |
               +--------+--------+--------+--------+--------+-----+--------+

Top non-repeatable levels by time:
     D:1: 4678 daAuts
     D:2: 1331 daAuts
     D:4: 1102 daAuts
     D:5: 1056 daAuts
     D:3: 880 daAuts
     D:6: 29 daAuts
